 Dungeon Crawl Stone Soup version 0.20-a0-301-g264e157 (webtiles) character file.

3075 Junicave the Digger (level 9, -1/52 HPs)
             Began as a Gargoyle Earth Elementalist on Dec 16, 2016.
             Was a Believer of Vehumet.
             Slain by a killer bee (3 damage)
             ... on level 7 of the Dungeon.
             The game lasted 00:42:33 (14764 turns).

Junicave the Digger (Gargoyle Earth Elementalist)  Turns: 14764, Time: 00:42:34

Health: -1/52      AC: 12    Str: 13    XL:     9   Next: 88%
Magic:  11/28      EV: 10    Int: 18    God:    Vehumet [**....]
Gold:   433        SH: 10    Dex: 10    Spells: 12/22 levels left

rFire  + . .     SeeInvis .     k - +2 flail (crush)
rCold  + + .     Gourm    .     c - +0 robe
rNeg   + . .     Faith    .     L - +2 shield of Resistance {rF+ rC+ MR+}
rPois  ∞         Spirit   .     m - +0 helmet
rElec  +         Reflect  .     w - +0 cloak
rCorr  .         Harm     .     D - +0 pair of gloves
MR     +....                    A - +0 pair of boots
Stlth  ++........               (no amulet)
                                C - ring of magical power
                                E - ring of protection from cold

@: slightly contaminated
A: negative energy resistance 1, electricity resistance, unbreathing,
petrification resistance, rot immunity, AC +5
a: Renounce Religion


You were on level 7 of the Dungeon.
You worshipped Vehumet.
Vehumet was pleased with you.
You were not hungry.

You visited 2 branches of the dungeon, and saw 8 of its levels.

You collected 433 gold pieces.

Inventory:

Hand Weapons
 f - a +0 dagger of electrocution
 k - a +2 flail of crushing (weapon)
 y - a +0 dire flail of protection
 F - a +0 long sword of freezing
Missiles
 b - 211 stones (quivered)
Armour
 c - a +0 robe (worn)
 m - a +0 helmet (worn)
 w - a +0 cloak (worn)
 A - a +0 pair of boots (worn)
 D - a +0 pair of gloves (worn)
 L - the +2 shield of Resistance (worn) {rF+ rC+ MR+}
   (You took it off a gnoll on level 4 of the Dungeon)

   It protects you from fire.
   It protects you from cold.
   It affects your resistance to hostile enchantments.
Jewellery
 C - a ring of magical power (right hand)
 E - a ring of protection from cold (left hand)
 I - an uncursed ring of positive energy
Wands
 H - a wand of iceblast (6/15)
 J - a wand of flame (28/48)
Scrolls
 g - a scroll of fog {unknown}
 l - 3 scrolls of identify
 n - a scroll of teleportation {unknown}
 o - a scroll of enchant weapon {unknown}
 p - a scroll of fear {unknown}
 q - a scroll of blinking
 r - a scroll of remove curse {unknown}
 z - a scroll of brand weapon {unknown}
 B - a scroll of amnesia
Potions
 a - a potion of might {unknown}
 i - 3 potions of mutation
 j - a potion of flight
 s - 2 potions of magic
 t - a potion of degeneration {unknown}
 u - a potion of lignification {unknown}
 x - a potion of brilliance {unknown}
 K - a potion of ambrosia {unknown}
Books
 e - a book of Geomancy

   Spells                             Type                      Level
   a - Sandblast                      Earth                        1
   b - Passwall                       Transmutation/Earth          2
   c - Stone Arrow                    Conjuration/Earth            3
   d - Petrify                        Transmutation/Earth          4
   e - Lee's Rapid Deconstruction     Earth                        5
Comestibles
 d - 3 bread rations
 h - a royal jelly
 v - 4 meat rations
 G - 2 chunks of flesh


   Skills:
 + Level 3.8 Fighting
 + Level 3.7 Maces & Flails
 + Level 3.7 Armour
 + Level 3.3 Dodging
 - Level 2.1 Stealth
 + Level 3.2 Shields
 * Level 7.1 Spellcasting
 + Level 4.9 Conjurations
   Level 0.7 Transmutations
 + Level 7.3 Earth Magic
 + Level 2.1 Evocations


You had 12 spell levels left.
You knew the following spells:

 Your Spells              Type           Power        Failure   Level  Hunger
a - Sandblast             Erth           ####..       2%          1    None
b - Stone Arrow           Conj/Erth      ####..       14%         3    ##.....
c - Lee's Rapid Deconstr  Erth           ####......   71%         5    #####..
d - Magic Dart            Conj           ###.         10%         1    None


Dungeon Overview and Level Annotations

Branches:
Dungeon (7/15)             Temple (1/1) D:4

Altars:
Ashenzari
Cheibriados
Dithmenos
Elyvilon
Fedhas
Gozag
Hepliaklqana
Kikubaaqudgha
Makhleb
Nemelex Xobeh
Okawaru
Qazlal
Ru
Sif Muna
Trog
Uskayaw
Vehumet
Xom
Yredelemnul
Zin
The Shining One

Shops:
D:4 *


Innate Abilities, Weirdness & Mutations

You are resistant to torment.
Your stone body is resilient. (AC +5)
You are immune to poison.
You resist negative energy. (rN+)
You are resistant to electric shocks. (rElec)
You can survive without breathing.
You are immune to petrification.
You are immune to rotting.


Message History

You miss the killer bee.
The killer bee is almost dead.
The killer bee closely misses you.
The killer bee stings you but does no damage.
The killer bee closely misses you. The killer bee barely misses you.
The killer bee stings you.
* * * LOW HITPOINT WARNING * * *
There are monsters nearby!
That item cannot be evoked!
Evoke which item? (* to show all) (? for menu, Esc to quit)
That item cannot be evoked!
Evoke which item? (* to show all) (? for menu, Esc to quit)
Zapping:
J - a wand of flame (?/48) (will waste charges)
Press: ? - help, Shift-Dir - straight line, f/p - killer bee
Aim: a killer bee The puff of flame hits the killer bee.
The killer bee is moderately wounded.
Evoking this partially-identified wand wasted a few charges.
You block the killer bee's attack. The killer bee stings you.
You die...

#.............#
#.............#
#.............#
#...##..#######
#...##..##...#
#.............
#.............
#...##yy##..## .
#...##@###..########.
#...................
#.................# #
#...##..##..##....# .#
#...##..##..##....##...
#...<.................
#.................####
#...##÷.##..###<..#
#...##..##..###...##


You could see 2 killer bees.

Vanquished Creatures
  Pikel (D:2)
  Grinder (D:5)
  Prince Ribbit (D:5)
  Sigmund (D:5)
  Edmund (D:4)
  An orc warrior (D:6)
  A phantom (D:5)
  2 slaves (D:4)
  2 ogres
  Blork the orc (D:6)
  5 scorpions
  3 killer bees (D:7)
  4 crimson imps
  A bullfrog zombie (D:6)
  3 orc priests (D:3)
  2 centaur skeletons
  2 hounds
  3 iguanas
  7 orc wizards
  6 worker ants (D:4)
  2 worker ant zombies
  4 gnolls
  13 adders
  2 shadow imps (D:5)
  2 oozes (D:1)
  An adder zombie (D:5)
  5 worms
  2 dart slugs
  A leopard gecko (D:5)
  28 orcs
  6 giant cockroaches
  14 goblins
  6 hobgoblins
  4 jackals (D:4)
  12 kobolds
  5 quokkas
  3 ball pythons
  11 bats
  7 frilled lizards
  A leopard gecko skeleton (D:4)
  2 quokka skeletons
  4 rats
183 creatures vanquished.

Notes
Turn   | Place    | Note
-------+----------+-------------------------------------------
     0 | D:1      | Junicave the Gargoyle Earth Elementalist began the quest for the Orb.
     0 | D:1      | Reached XP level 1. HP: 10/10 MP: 3/3
   206 | D:1      | Reached XP level 2. HP: 15/15 MP: 3/5
  1334 | D:1      | Noticed an ogre
  1443 | D:2      | Reached XP level 3. HP: 19/19 MP: 5/7
  1869 | D:1      | Learned a level 3 spell: Stone Arrow
  2245 | D:2      | Reached XP level 4. HP: 14/24 MP: 5/8
  4130 | D:3      | Reached skill level 1 in Conjurations
  4300 | D:3      | Reached XP level 5. HP: 19/28 MP: 2/10
  4325 | D:3      | Reached skill level 5 in Earth Magic
  4630 | D:3      | Reached XP level 6. HP: 15/32 MP: 7/12
  4675 | D:3      | HP: 1/32 [orc/trident (3)]
  5180 | D:3      | Reached skill level 5 in Spellcasting
  5321 | D:3      | Found an iron altar of Okawaru.
  5324 | D:3      | Found a shadowy altar of Dithmenos.
  5327 | D:3      | Found an ancient bone altar of Kikubaaqudgha.
  5334 | D:3      | Learned a level 5 spell: Lee's Rapid Deconstruction
  5334 | D:3      | Found a deep blue altar of Sif Muna.
  5337 | D:3      | Found a white marble altar of Elyvilon.
  5859 | D:3      | Found an iron altar of Okawaru.
  5862 | D:3      | Found a shadowy altar of Dithmenos.
  5864 | D:3      | Found a deep blue altar of Sif Muna.
  5864 | D:3      | Found an ancient bone altar of Kikubaaqudgha.
  5869 | D:3      | Found a white marble altar of Elyvilon.
  5874 | D:3      | Found a deep blue altar of Sif Muna.
  5876 | D:3      | Found a shadowy altar of Dithmenos.
  5879 | D:3      | Found an iron altar of Okawaru.
  6589 | D:3      | Found an iron altar of Okawaru.
  6592 | D:3      | Found a shadowy altar of Dithmenos.
  6594 | D:3      | Found a deep blue altar of Sif Muna.
  6594 | D:3      | Found an ancient bone altar of Kikubaaqudgha.
  6599 | D:3      | Found a white marble altar of Elyvilon.
  7419 | D:2      | Reached XP level 7. HP: 36/36 MP: 14/14
  8157 | D:4      | Reached skill level 1 in Armour
  8436 | D:4      | Found a staircase to the Ecumenical Temple.
  8452 | Temple   | Entered the Ecumenical Temple
  8475 | Temple   | Became a worshipper of Vehumet
  8624 | D:4      | Found Mabityil's Assorted Antiques.
  8800 | D:4      | Noticed Pikel
  8992 | D:4      | Reached skill level 1 in Fighting
  9184 | D:4      | Reached skill level 1 in Shields
  9298 | D:4      | Reached skill level 1 in Maces & Flails
 10020 | D:2      | Killed Pikel
 10020 | D:2      | Reached XP level 8. HP: 18/44 MP: 3/17
 10427 | D:3      | Found an iron altar of Okawaru.
 10430 | D:3      | Found a shadowy altar of Dithmenos.
 10432 | D:3      | Found a deep blue altar of Sif Muna.
 10432 | D:3      | Found an ancient bone altar of Kikubaaqudgha.
 10437 | D:3      | Found a white marble altar of Elyvilon.
 10811 | D:4      | Found a staircase to the Ecumenical Temple.
 10872 | D:4      | Found Mabityil's Assorted Antiques.
 11029 | D:5      | Entered Level 5 of the Dungeon
 11259 | D:5      | Noticed Prince Ribbit
 11324 | D:5      | Reached * piety under Vehumet
 11324 | D:5      | Offered knowledge of Magic Dart by Vehumet.
 11402 | D:5      | Learned a level 1 spell: Magic Dart
 11588 | D:5      | Noticed Sigmund
 11591 | D:5      | Killed Sigmund
 11591 | D:5      | Reached skill level 1 in Evocations
 11591 | D:5      | Reached XP level 9. HP: 49/49 MP: 18/18
 11608 | D:5      | Noticed Grinder
 11633 | D:5      | Killed Grinder
 11757 | D:5      | Killed Prince Ribbit
 11758 | D:5      | Noticed Edmund
 11965 | D:4      | Killed Edmund
 13514 | D:6      | Noticed Blork the orc
 13517 | D:6      | Killed Blork the orc
 14752 | D:7      | Reached ** piety under Vehumet
 14763 | D:7      | HP: 2/52 [killer bee (2)]
 14764 | D:7      | Slain by a killer bee

Vault maps used:
D:1:      dpeg_arrival_leaves_temple_mockup
D:3:      minitemple, first_bread, st_stairs_3
D:4:      serial_shops, kennysheep_mini_moat, kennysheep_small_square,
          uniq_pikel
D:5:      uniq_edmund, uniq_prince_ribbit1, uniq_sigmund, uniq_grinder
D:6:      grunt_decor_resistance, uniq_blork_the_orc
Temple:   regret_index_temple_sphere_string

Skill      XL: |  1  2  3  4  5  6  7  8  9 |
---------------+----------------------------+-----
Earth Magic    | 4 5 6 7 |  7.3
Spellcasting   | 3 4 5 6 7 |  7.1
Conjurations   | 1 2 3 4 |  4.9
Armour         | 2 3 |  3.7
Fighting       | 2 3 |  3.8
Shields        | 2 3 |  3.2
Maces & Flails | 2 3 |  3.7
Dodging        | 2 3 |  3.3
Evocations     | 1 2 |  2.1
Stealth        | |  2.1
Transmutations | |  0.7

Action                   |  1- 3 |  4- 6 |  7- 9 || total
-------------------------+-------+-------+-------++-------
Melee: Unarmed           |    13 |       |       ||    13
       Short sword       |     6 |       |       ||     6
       Whip              |    27 |       |       ||    27
       Dagger            |    34 |   152 |   223 ||   409
       Dire flail        |       |    50 |       ||    50
       Flail             |       |       |   112 ||   112
 Cast: Sandblast         |    11 |    41 |    29 ||    81
       Stone Arrow       |       |     5 |    68 ||    73
       Magic Dart        |       |       |    49 ||    49
Evoke: Wand              |       |       |     1 ||     1
  Use: Potion            |       |     2 |     1 ||     3
       Scroll            |       |       |     7 ||     7
 Stab: Sleeping          |     4 |     3 |     4 ||    11
       Distracted        |       |     1 |     1 ||     2
  Eat: Chunk             |     3 |    15 |    16 ||    34
       Fruit             |     1 |     2 |       ||     3
       Bread ration      |       |       |     2 ||     2
       Pizza             |       |       |     1 ||     1
Armor: Robe              |    68 |   111 |   170 ||   349
Dodge: Dodged            |   134 |   152 |   166 ||   452
Block: Shield            |       |       |   163 ||   163
